[Event "36th Belgrade Trophy 2023"]
[Site "Belgrade"]
[Date "2023.11.26"]
[Round "2.9"]
[White "Ivanovic, Nikola"]
[Black "Milosevic, Milos"]
[Result "0-1"]
[ECO "D85"]
[WhiteElo "1980"]
[BlackElo "2362"]
[Annotator "RC"]
[PlyCount "74"]
[EventDate "2023.10.23"]
[EventType "swiss"]
[EventCountry "SRB"]
[SourceTitle "playchess.com"]
[Source "ChessBase"]
[SourceQuality "1"]
[TimeControl "40/5400+30:900+30"]

1. Nf3 Nf6 2. d4 g6 3. c4 Bg7 4. Nc3 d5 5. cxd5 Nxd5 6. e4 Nxc3 7. bxc3 c5 8. Rb1 O-O 9. Be2 b6 10. O-O Bb7 11. Qd3 Ba6 12. Qe3 Bxe2 13. Qxe2 Qc7 14. Be3 Nd7 15. e5 Qc6 16. Rfd1 e6 17. h4 Rfc8 18. Rb2 cxd4 19. cxd4 Qe4 20. Rbd2 h6 21. Qb5 Rc7 22. d5 exd5 23. Rxd5 Nf8 24. R1d4 Qf5 25. Qd3 Qe6 26. a4 Rac8 27. a5 bxa5 28. Rxa5 Nd7 29. Rd6 Qe7 30. Qd5 Rc1+ 31. Bxc1 Rxc1+ 32. Kh2 Bxe5+ 33. g3 Bxd6 34. Rxa7 Rc2 35. Kg2 Rxf2+ 36. Kxf2 Bc5+ 37. Kf1 Bxa7 0-1

[Event "36th Belgrade Trophy 2023"]
[Site "Belgrade"]
[Date "2023.11.26"]
[Round "2.10"]
[White "Mezentsev, Ivan"]
[Black "Petrovic, Borislav I"]
[Result "1-0"]
[ECO "E42"]
[WhiteElo "2362"]
[BlackElo "1925"]
[Annotator "RC"]
[PlyCount "63"]
[EventDate "2023.10.23"]
[EventType "swiss"]
[EventCountry "SRB"]
[SourceTitle "playchess.com"]
[Source "ChessBase"]
[SourceQuality "1"]
[TimeControl "40/5400+30:900+30"]

1. d4 Nf6 2. c4 e6 3. Nc3 Bb4 4. e3 b6 5. Nge2 c5 6. a3 cxd4 7. exd4 Be7 8. d5 exd5 9. cxd5 Bc5 10. b4 Bd6 11. g3 a5 12. b5 Qc7 13. Bg2 Be5 14. Bb2 d6 15. Rc1 Qd8 16. O-O O-O 17. Nd4 Bxd4 18. Qxd4 Nbd7 19. Ne4 Nc5 20. Nxc5 bxc5 21. Qf4 Bb7 22. a4 Rb8 23. Rfd1 Re8 24. g4 Re2 25. Bc3 Qe7 26. Bf3 Ra2 27. g5 Nd7 28. Re1 Qf8 29. Be4 Nb6 30. Qf5 Qc8 31. Qxh7+ Kf8 32. Qxg7+ 1-0

[Event "36th Belgrade Trophy 2023"]
[Site "Belgrade"]
[Date "2023.11.26"]
[Round "2.11"]
[White "Enkhnar, Enkhbaatar"]
[Black "Milutinovic, Dejan D"]
[Result "1-0"]
[ECO "A15"]
[WhiteElo "2327"]
[BlackElo "1907"]
[Annotator "RC"]
[PlyCount "109"]
[EventDate "2023.10.23"]
[EventType "swiss"]
[EventCountry "SRB"]
[SourceTitle "playchess.com"]
[Source "ChessBase"]
[SourceQuality "1"]
[TimeControl "40/5400+30:900+30"]

1. d4 d6 2. Nf3 Nf6 3. c4 e6 4. g3 Nbd7 5. Bg2 Be7 6. O-O O-O 7. Nc3 c6 8. Qc2 Qc7 9. Rd1 a5 10. b3 Rd8 11. Bb2 Nf8 12. Rac1 Ng6 13. Na4 c5 14. Nc3 Bd7 15. a4 Bc6 16. e4 e5 17. dxc5 dxc5 18. Nd5 Bxd5 19. exd5 Bd6 20. Re1 Re8 21. Re2 Re7 22. Rce1 Rae8 23. Ng5 Nf8 24. Bc1 N8d7 25. Nf3 Rf8 26. Nh4 g6 27. Bh6 Ra8 28. Bc1 Ne8 29. f4 f6 30. Bh3 Ng7 31. Be6+ Nxe6 32. dxe6 Nf8 33. f5 gxf5 34. Nxf5 Rxe6 35. Re4 Ng6 36. Rg4 Kh8 37. h4 Bf8 38. Bh6 Bxh6 39. Nxh6 Rf8 40. Nf5 Rg8 41. Qe4 Ne7 42. Rxg8+ Nxg8 43. Rd1 Ne7 44. Nh6 Qc8 45. Rd8+ Qxd8 46. Nf7+ Kg7 47. Nxd8 Rd6 48. Qxb7 Kf8 49. Qa8 Rd1+ 50. Kf2 Nf5 51. Nc6+ Kg7 52. Qa7+ Kh6 53. Qf7 Rd2+ 54. Ke1 Rd6 55. Nxe5 1-0

[Event "36th Belgrade Trophy 2023"]
[Site "Belgrade"]
[Date "2023.11.26"]
[Round "2.12"]
[White "Garifulin, Yury"]
[Black "Martic, Ivan"]
[Result "1/2-1/2"]
[ECO "B90"]
[WhiteElo "1956"]
[BlackElo "2292"]
[Annotator "RC"]
[PlyCount "135"]
[EventDate "2023.10.23"]
[EventType "swiss"]
[EventCountry "SRB"]
[SourceTitle "playchess.com"]
[Source "ChessBase"]
[SourceQuality "1"]
[TimeControl "40/5400+30:900+30"]

1. e4 c5 2. Nf3 d6 3. d4 cxd4 4. Nxd4 Nf6 5. Nc3 a6 6. Be3 e5 7. Nb3 Be7 8. f3 Be6 9. Qd2 h5 10. O-O-O Nbd7 11. Nd5 Nxd5 12. exd5 Bf5 13. Kb1 O-O 14. Bd3 Bxd3 15. Qxd3 Bg5 16. g4 Bxe3 17. Qxe3 hxg4 18. fxg4 Nb6 19. h4 Nc4 20. Qe2 Rc8 21. g5 Qb6 22. Rd3 a5 23. a4 Qb4 24. h5 b5 25. h6 g6 26. Qf2 f5 27. gxf6 Rc7 28. Qg3 Kh7 29. Rg1 Rg8 30. f7 Rxf7 31. Rf3 Rf4 32. Rxf4 exf4 33. Qg5 Ne5 34. Qe7+ Kh8 35. h7 Qe4 36. hxg8=Q+ Kxg8 37. Qe6+ Kg7 38. Qh3 bxa4 39. Rh1 Nf7 40. Nd2 Qxd5 41. Rh2 Qd4 42. Rg2 Ne5 43. Qh4 a3 44. bxa3 Nf7 45. Qf2 Qxf2 46. Rxf2 g5 47. Kc1 Kg6 48. Kd1 Kf5 49. Nc4 g4 50. Ke2 g3 51. Rg2 Kg4 52. Nd2 Ne5 53. Rg1 f3+ 54. Ke3 d5 55. Nf1 Nc4+ 56. Kd4 g2 57. Kxd5 Nxa3 58. Ke4 Nxc2 59. Nh2+ Kg3 60. Nxf3 Kf2 61. Rb1 Nd4 62. Rb2+ Ne2 63. Ra2 a4 64. Rb2 Kf1 65. Rb1+ Kf2 66. Rb2 Kf1 67. Nh2+ Kf2 68. Nf3 1/2-1/2

[Event "36th Belgrade Trophy 2023"]
[Site "Belgrade"]
[Date "2023.11.26"]
[Round "2.13"]
[White "Savic, Dragoljub"]
[Black "Liu, Zexu"]
[Result "0-1"]
[ECO "D71"]
[WhiteElo "1934"]
[BlackElo "2286"]
[Annotator "RC"]
[PlyCount "86"]
[EventDate "2023.10.23"]
[EventType "swiss"]
[EventCountry "SRB"]
[SourceTitle "playchess.com"]
[Source "ChessBase"]
[SourceQuality "1"]
[TimeControl "40/5400+30:900+30"]

1. d4 Nf6 2. c4 g6 3. Nc3 d5 4. cxd5 Nxd5 5. g3 Bg7 6. Bg2 Nxc3 7. bxc3 c5 8. e3 O-O 9. Ne2 Qc7 10. O-O Nc6 11. a4 Rd8 12. Ba3 b6 13. Nf4 Ba6 14. Re1 Rac8 15. Qf3 Bc4 16. Qxc6 Qxc6 17. Bxc6 Rxc6 18. a5 e5 19. Ne2 exd4 20. cxd4 Bxe2 21. Rxe2 cxd4 22. exd4 Bxd4 23. Bb2 Bc5 24. axb6 Rxb6 25. Rae1 Re6 26. Rxe6 fxe6 27. Bc3 Kf7 28. Re2 Bb6 29. Kg2 Rd5 30. Rb2 g5 31. g4 Ke7 32. h4 gxh4 33. Bb4+ Kd7 34. Kh3 Bd8 35. Rb3 a5 36. Bf8 Ke8 37. Ba3 a4 38. Re3 Kd7 39. f4 Rb5 40. g5 Bc7 41. Rd3+ Ke8 42. Bd6 Rb3 43. Rxb3 axb3 0-1

[Event "36th Belgrade Trophy 2023"]
[Site "Belgrade"]
[Date "2023.11.27"]
[Round "3.1"]
[White "Nenezic, Marko"]
[Black "Popovic, Aleksandar M"]
[Result "1-0"]
[ECO "E73"]
[WhiteElo "2499"]
[BlackElo "2149"]
[Annotator "RC"]
[PlyCount "73"]
[EventDate "2023.10.23"]
[EventType "swiss"]
[EventCountry "SRB"]
[SourceTitle "playchess.com"]
[Source "ChessBase"]
[SourceQuality "1"]
[TimeControl "40/5400+30:900+30"]

1. d4 Nf6 2. c4 g6 3. Nc3 Bg7 4. e4 d6 5. Be2 O-O 6. Be3 c6 7. Nf3 Ng4 8. Bg5 h6 9. Bh4 Qc7 10. h3 Nf6 11. Bg3 Nbd7 12. O-O Qb6 13. Rb1 Rd8 14. b4 Nh5 15. Bh2 e5 16. Re1 Nf8 17. Qc1 exd4 18. c5 Qc7 19. cxd6 Qd7 20. Na4 b6 21. e5 c5 22. Bd1 Bb7 23. bxc5 Bxf3 24. Bxf3 Qxa4 25. Bxa8 Rxa8 26. g4 Rc8 27. Qd1 Qxd1 28. Rexd1 bxc5 29. gxh5 g5 30. Rb7 Ne6 31. Rc1 d3 32. Kf1 f5 33. Re7 Nf8 34. d7 Rd8 35. e6 Nxe6 36. Rxe6 Rxd7 37. Rd6 1-0

[Event "36th Belgrade Trophy 2023"]
[Site "Belgrade"]
[Date "2023.11.27"]
[Round "3.2"]
[White "Savic, Mihailo S"]
[Black "Stojanovic, Mihajlo"]
[Result "0-1"]
[ECO "C10"]
[WhiteElo "2157"]
[BlackElo "2490"]
[Annotator "RC"]
[PlyCount "114"]
[EventDate "2023.10.23"]
[EventType "swiss"]
[EventCountry "SRB"]
[SourceTitle "playchess.com"]
[Source "ChessBase"]
[SourceQuality "1"]
[TimeControl "40/5400+30:900+30"]

1. e4 e6 2. d4 d5 3. Nc3 dxe4 4. Nxe4 Nd7 5. Nf3 Ngf6 6. Bd3 c5 7. O-O cxd4 8. Nxd4 Be7 9. Nxf6+ Nxf6 10. b3 O-O 11. Bb2 Qc7 12. Qf3 Bd7 13. Rfe1 Rfe8 14. Nb5 Qb6 15. Bd4 Bc5 16. Bxf6 Bxb5 17. Bxb5 Qxb5 18. Qg3 Bf8 19. Re5 Qd7 20. Rg5 g6 21. h4 Bg7 22. Qe5 Bxf6 23. Qxf6 Rad8 24. Rg4 e5 25. Qf3 f5 26. Rc4 b5 27. Rc5 Qd4 28. Qc3 Qxc3 29. Rxc3 Rc8 30. Rxc8 Rxc8 31. Rc1 Kf7 32. Kf1 Ke6 33. Ke2 e4 34. Kd2 Ke5 35. Ra1 f4 36. a4 b4 37. a5 Kd4 38. Rd1 Rc5 39. Kc1+ Ke5 40. Rd7 Rxa5 41. Rxh7 Ra1+ 42. Kd2 Rg1 43. Re7+ Kf5 44. Rf7+ Kg4 45. Rg7 Kxh4 46. Rxg6 f3 47. g3+ Kh3 48. Re6 Kg2 49. Rxe4 Kxf2 50. Rxb4 Kxg3 51. Rb7 f2 52. Rg7+ Kh4 53. Rf7 f1=Q 54. Rxf1 Rxf1 55. Kd3 Kg5 56. Kd4 Kf6 57. Kc5 Rf3 0-1

[Event "36th Belgrade Trophy 2023"]
[Site "Belgrade"]
[Date "2023.11.27"]
[Round "3.3"]
[White "Bryakin, Mikhail"]
[Black "Belke, Frank"]
[Result "1-0"]
[ECO "A45"]
[WhiteElo "2478"]
[BlackElo "2121"]
[Annotator "RC"]
[PlyCount "107"]
[EventDate "2023.10.23"]
[EventType "swiss"]
[EventCountry "SRB"]
[SourceTitle "playchess.com"]
[Source "ChessBase"]
[SourceQuality "1"]
[TimeControl "40/5400+30:900+30"]

1. d4 Nf6 2. Bg5 c5 3. d5 Ne4 4. Bf4 Qb6 5. Bc1 e6 6. f3 Nf6 7. c4 Bd6 8. e4 exd5 9. cxd5 Qc7 10. Ne2 b5 11. Nbc3 Ba6 12. a4 b4 13. Nb5 Bxb5 14. axb5 O-O 15. g3 Re8 16. Qc2 Qb7 17. Qc4 a6 18. bxa6 Nxa6 19. Bg2 Nc7 20. Rxa8 Nxa8 21. O-O Nb6 22. Qb5 Qc7 23. Bf4 Bxf4 24. Nxf4 Rb8 25. Rc1 d6 26. Qc6 Rc8 27. Qxc7 Rxc7 28. Nd3 Ra7 29. f4 Kf8 30. e5 dxe5 31. Rxc5 e4 32. Nxb4 Ra4 33. Rb5 Nc4 34. Nc2 Ra2 35. Rb4 Nxb2 36. d6 g6 37. Bxe4 Na4 38. Nd4 Nc3 39. Bc6 Rd2 40. Bf3 Ke8 41. Nc6 Rxd6 42. Rb8+ Kd7 43. Rb7+ Ke8 44. Ne5 Nfe4 45. Rxf7 h5 46. Rc7 Ra6 47. Rc4 Ra1+ 48. Kg2 Ra2+ 49. Kh3 Nf2+ 50. Kh4 Nfd1 51. Kg5 h4 52. Rc8+ Ke7 53. Nxg6+ Kd7 54. Bg4+ 1-0

[Event "36th Belgrade Trophy 2023"]
[Site "Belgrade"]
[Date "2023.11.27"]
[Round "3.4"]
[White "Chelushkina, Irina"]
[Black "Kilic, Eray"]
[Result "0-1"]
[ECO "B50"]
[WhiteElo "2145"]
[BlackElo "2446"]
[Annotator "RC"]
[PlyCount "52"]
[EventDate "2023.10.23"]
[EventType "swiss"]
[EventCountry "SRB"]
[SourceTitle "playchess.com"]
[Source "ChessBase"]
[SourceQuality "1"]
[TimeControl "40/5400+30:900+30"]

1. e4 c5 2. Nf3 d6 3. c3 Nf6 4. Be2 g6 5. O-O Bg7 6. d3 O-O 7. Be3 Nc6 8. h3 e5 9. Nbd2 Qe7 10. Re1 d5 11. Bg5 d4 12. cxd4 cxd4 13. Qb1 h6 14. Bxf6 Bxf6 15. Bd1 Be6 16. Bb3 Rfc8 17. Rc1 a5 18. Bd5 Bxd5 19. exd5 Nb4 20. Nc4 b5 21. d6 Qe6 22. Na3 Rxc1+ 23. Qxc1 Nxd3 24. Qc6 Rc8 25. Qxb5 e4 26. Nd2 Nxf2 0-1

[Event "36th Belgrade Trophy 2023"]
[Site "Belgrade"]
[Date "2023.11.27"]
[Round "3.5"]
[White "Blagojevic, Dragisa"]
[Black "Janjic, Stefan"]
[Result "1-0"]
[ECO "E01"]
[WhiteElo "2438"]
[BlackElo "2116"]
[Annotator "RC"]
[PlyCount "49"]
[EventDate "2023.10.23"]
[EventType "swiss"]
[EventCountry "SRB"]
[SourceTitle "playchess.com"]
[Source "ChessBase"]
[SourceQuality "1"]
[TimeControl "40/5400+30:900+30"]

1. d4 d5 2. c4 e6 3. Nf3 Nf6 4. g3 h6 5. Bg2 Bd6 6. O-O O-O 7. Nbd2 b6 8. b3 Bb7 9. Bb2 c5 10. cxd5 Bxd5 11. Qb1 cxd4 12. Bxd4 e5 13. Bb2 Nbd7 14. Rd1 Qe7 15. Nh4 Bxg2 16. Kxg2 g6 17. Ne4 Nxe4 18. Nxg6 fxg6 19. Qxe4 Kh7 20. Qc6 Qf7 21. f3 e4 22. Rxd6 exf3+ 23. Qxf3 Qe7 24. Qd3 Nf6 25. Bxf6 1-0

[Event "36th Belgrade Trophy 2023"]
[Site "Belgrade"]
[Date "2023.11.27"]
[Round "3.6"]
[White "Jandric, Damjan"]
[Black "Atalik, Suat"]
[Result "0-1"]
[ECO "C78"]
[WhiteElo "2121"]
[BlackElo "2427"]
[Annotator "RC"]
[PlyCount "68"]
[EventDate "2023.10.23"]
[EventType "swiss"]
[EventCountry "SRB"]
[SourceTitle "playchess.com"]
[Source "ChessBase"]
[SourceQuality "1"]
[TimeControl "40/5400+30:900+30"]

1. e4 e5 2. Nf3 Nc6 3. Bb5 a6 4. Ba4 Bc5 5. O-O d6 6. c3 b5 7. Bb3 Nf6 8. d4 Bb6 9. Bg5 h6 10. Bh4 exd4 11. cxd4 g5 12. Bg3 Bg4 13. e5 dxe5 14. dxe5 Qxd1 15. Rxd1 Ne4 16. Nc3 Nxc3 17. bxc3 Ne7 18. a4 O-O 19. h3 Be6 20. Bxe6 fxe6 21. Nd4 Bxd4 22. Rxd4 c5 23. Rd6 Kf7 24. f3 Nf5 25. Rd7+ Ke8 26. Rb7 Nxg3 27. axb5 a5 28. b6 Rf7 29. Rxf7 Kxf7 30. Kf2 Nf5 31. b7 Rb8 32. Rxa5 Rxb7 33. Rxc5 Rb2+ 34. Kg1 Nh4 0-1

[Event "36th Belgrade Trophy 2023"]
[Site "Belgrade"]
[Date "2023.11.27"]
[Round "3.7"]
[White "Pap, Misa"]
[Black "Chubakov, Sultan"]
[Result "1/2-1/2"]
[ECO "B18"]
[WhiteElo "2426"]
[BlackElo "2079"]
[Annotator "RC"]
[PlyCount "121"]
[EventDate "2023.10.23"]
[EventType "swiss"]
[EventCountry "SRB"]
[SourceTitle "playchess.com"]
[Source "ChessBase"]
[SourceQuality "1"]
[TimeControl "40/5400+30:900+30"]

1. e4 c6 2. d4 d5 3. Nd2 dxe4 4. Nxe4 Bf5 5. Ng3 Bg6 6. h4 h6 7. Nh3 Nf6 8. Nf4 Bh7 9. Bc4 e6 10. O-O Bd6 11. Re1 O-O 12. c3 Nd5 13. Qg4 Nxf4 14. Bxf4 Bxf4 15. Qxf4 Nd7 16. Rad1 a5 17. Bd3 Nf6 18. Bxh7+ Kxh7 19. Ne4 Nxe4 20. Rxe4 Qd5 21. b3 Kg8 22. Rd3 a4 23. c4 Qd8 24. Rg3 Kh8 25. b4 Qf6 26. Qe3 Qe7 27. a3 Rad8 28. h5 Rg8 29. Rf3 Rd7 30. Ref4 f5 31. Rg3 Re8 32. Qe5 Qd6 33. Re3 Red8 34. Rff3 Qxe5 35. Rxe5 Rxd4 36. Rxe6 Rxc4 37. Rxf5 Rd3 38. g3 Rd5 39. Rf7 b5 40. Rg6 Rxh5 41. Rgxg7 Rf5 42. Rh7+ Kg8 43. Rfg7+ Kf8 44. Rc7 Kg8 45. Rxh6 Rc1+ 46. Kg2 Rc2 47. Rg6+ Kf8 48. Rgxc6 Rfxf2+ 49. Kh3 Rxc6 50. Rxc6 Rf3 51. Rc5 Rxa3 52. Rxb5 Rb3 53. Kh4 a3 54. g4 a2 55. Ra5 Rxb4 56. Rxa2 Rb7 57. g5 Kg7 58. Kh5 Rc7 59. Ra6 Rb7 60. Rg6+ Kh7 61. Rh6+ 1/2-1/2

[Event "36th Belgrade Trophy 2023"]
[Site "Belgrade"]
[Date "2023.11.27"]
[Round "3.8"]
[White "Stanojevic, Ilija"]
[Black "Antic, Dejan"]
[Result "0-1"]
[ECO "E01"]
[WhiteElo "2117"]
[BlackElo "2362"]
[Annotator "RC"]
[PlyCount "92"]
[EventDate "2023.10.23"]
[EventType "swiss"]
[EventCountry "SRB"]
[SourceTitle "playchess.com"]
[Source "ChessBase"]
[SourceQuality "1"]
[TimeControl "40/5400+30:900+30"]

1. d4 e6 2. Nf3 Nf6 3. c4 d5 4. g3 Bb4+ 5. Bd2 Bd6 6. Qc2 O-O 7. Bg2 Nbd7 8. Bf4 Bxf4 9. gxf4 dxc4 10. Qxc4 Nd5 11. e3 b5 12. Qc2 Bb7 13. Nc3 c5 14. Ng5 g6 15. Nxd5 Bxd5 16. Bxd5 exd5 17. dxc5 Qa5+ 18. Qd2 Qxd2+ 19. Kxd2 Nxc5 20. Rac1 Rac8 21. Rc2 Ne4+ 22. Nxe4 dxe4 23. Rhc1 Rfd8+ 24. Ke1 Rxc2 25. Rxc2 Rd5 26. f3 exf3 27. Kf2 Rh5 28. Kxf3 Rh3+ 29. Ke4 Kg7 30. b4 h6 31. Re2 g5 32. fxg5 hxg5 33. Kf5 f6 34. Ke6 Kg6 35. Kd5 g4 36. Kc6 Rh5 37. Kb7 Re5 38. Kxa7 f5 39. Ka6 f4 40. Rg2 fxe3 41. Rxg4+ Kf5 42. Rg1 e2 43. Re1 Kf4 44. Ka5 Ke3 45. a4 bxa4+ 46. Kxa4 Kd2 0-1

[Event "36th Belgrade Trophy 2023"]
[Site "Belgrade"]
[Date "2023.11.27"]
[Round "3.9"]
[White "Milosevic, Milos"]
[Black "Dimitrijevic, Dusan"]
[Result "1-0"]
[ECO "D44"]
[WhiteElo "2362"]
[BlackElo "2074"]
[Annotator "RC"]
[PlyCount "61"]
[EventDate "2023.10.23"]
[EventType "swiss"]
[EventCountry "SRB"]
[SourceTitle "playchess.com"]
[Source "ChessBase"]
[SourceQuality "1"]
[TimeControl "40/5400+30:900+30"]

1. Nf3 d5 2. d4 Nf6 3. c4 c6 4. Nc3 e6 5. Bg5 dxc4 6. e4 b5 7. e5 h6 8. Bh4 g5 9. Nxg5 hxg5 10. Bxg5 Be7 11. exf6 Bxf6 12. Bxf6 Qxf6 13. g3 Na6 14. Bg2 Bb7 15. a4 b4 16. Ne4 Qe7 17. Qe2 f5 18. Nd2 c3 19. bxc3 bxc3 20. Nc4 Nb4 21. O-O Ba6 22. Rab1 Rb8 23. Rfe1 O-O 24. Bf1 Nd5 25. Rxb8 Rxb8 26. Qh5 c2 27. Qg6+ Kf8 28. Qh6+ Kg8 29. Rxe6 Qh7 30. Qg5+ Kh8 31. Rh6 1-0

[Event "36th Belgrade Trophy 2023"]
[Site "Belgrade"]
[Date "2023.11.27"]
[Round "3.10"]
[White "Eric, Jovana"]
[Black "Mezentsev, Ivan"]
[Result "0-1"]
[ECO "B56"]
[WhiteElo "2112"]
[BlackElo "2362"]
[Annotator "RC"]
[PlyCount "172"]
[EventDate "2023.10.23"]
[EventType "swiss"]
[EventCountry "SRB"]
[SourceTitle "playchess.com"]
[Source "ChessBase"]
[SourceQuality "1"]
[TimeControl "40/5400+30:900+30"]

1. e4 c5 2. Nf3 d6 3. d4 cxd4 4. Nxd4 Nf6 5. Nc3 Bd7 6. Bg5 e6 7. Qd2 a6 8. f3 h6 9. Be3 b5 10. O-O-O b4 11. Nb1 e5 12. Nb3 a5 13. Qf2 Qc8 14. Bb6 a4 15. Na5 Be7 16. Nc4 Qc6 17. Na5 Qc8 18. Nc4 Qc6 19. Na5 Rxa5 20. Bxa5 d5 21. Qb6 O-O 22. a3 Qxb6 23. Bxb6 dxe4 24. axb4 Bxb4 25. fxe4 Nxe4 26. Bd3 Bc6 27. c3 Be7 28. Rhe1 Bg5+ 29. Be3 Nf2 30. Bxg5 hxg5 31. Rd2 Nxd3+ 32. Rxd3 f6 33. g3 Nd7 34. Rd6 Rc8 35. Red1 Nf8 36. Rd8 Rc7 37. Na3 Kf7 38. Nc4 Ke7 39. Nb6 Ne6 40. Rc8 g4 41. Rxc7+ Nxc7 42. Nc8+ Ke8 43. Nd6+ Kf8 44. Nf5 Bd5 45. c4 Be6 46. Ne3 Ke7 47. Kd2 f5 48. Rf1 g6 49. Kc3 Na6 50. Rd1 g5 51. Nd5+ Kf7 52. Re1 Bxd5 53. cxd5 Kf6 54. Kc4 f4 55. d6 Nb8 56. Kd5 Nd7 57. Rc1 f3 58. Rc7 Nb6+ 59. Ke4 Ke6 60. d7 Nxd7 61. Rc6+ Ke7 62. Ke3 Nf6 63. Ra6 Nd5+ 64. Kf2 e4 65. Rxa4 e3+ 66. Ke1 Nf6 67. Ra3 Nd5 68. Ra4 Nf6 69. Ra3 Nd5 70. Ra4 Nf6 71. Ra3 Nd5 72. Ra4 Ke6 73. Rxg4 Kf5 74. Rd4 Nf6 75. b4 Ng4 76. h3 Nh2 77. Rd1 Ke4 78. b5 f2+ 79. Ke2 Nf3 80. Kf1 Nd2+ 81. Ke2 Nf3 82. Kf1 Nd2+ 83. Ke2 Nf3 84. Kf1 Ng1 85. Ra1 Kf3 86. Ra3 Ne2 0-1

[Event "36th Belgrade Trophy 2023"]
[Site "Belgrade"]
[Date "2023.11.27"]
[Round "3.11"]
[White "Veleski, Robert"]
[Black "Enkhnar, Enkhbaatar"]
[Result "0-1"]
[ECO "A45"]
[WhiteElo "2064"]
[BlackElo "2327"]
[Annotator "RC"]
[PlyCount "110"]
[EventDate "2023.10.23"]
[EventType "swiss"]
[EventCountry "SRB"]
[SourceTitle "playchess.com"]
[Source "ChessBase"]
[SourceQuality "1"]
[TimeControl "40/5400+30:900+30"]

1. d4 Nf6 2. Bg5 e6 3. Bxf6 Qxf6 4. e4 c5 5. Nf3 Qg6 6. Bd3 cxd4 7. O-O Nc6 8. c3 Qf6 9. Qe2 Bd6 10. Re1 Be5 11. c4 g5 12. Nbd2 g4 13. Nxe5 Nxe5 14. Rf1 Qf4 15. Kh1 Rg8 16. g3 Qh6 17. f4 gxf3 18. Nxf3 Nc6 19. e5 b6 20. Kg1 Bb7 21. Rae1 O-O-O 22. c5 Rg4 23. cxb6 axb6 24. Ba6 Rdg8 25. Rf2 f5 26. exf6 Qxf6 27. Nd2 Rf4 28. Bxb7+ Kxb7 29. Rg2 Rf5 30. Nc4 Qe7 31. a3 d5 32. Nd2 Re5 33. Qd1 Rxe1+ 34. Qxe1 e5 35. b4 e4 36. Nb3 Rc8 37. Rf2 Ne5 38. Rf5 Rf8 39. Rxf8 Qxf8 40. Nxd4 Qg7 41. Qf1 Qg4 42. Kg2 Qd7 43. Qf8 Nc6 44. Nb5 Na7 45. Nd6+ Kc6 46. Nf7 Kb5 47. Ne5 Qe6 48. Qf1+ Ka4 49. Qa6+ Kb3 50. Qxa7 Qxe5 51. Qxh7 d4 52. Qf7+ Kc3 53. Qa2 e3 54. Kf1 Qf5+ 55. Ke1 Qf2+ 0-1

[Event "36th Belgrade Trophy 2023"]
[Site "Belgrade"]
[Date "2023.11.27"]
[Round "3.12"]
[White "Liu, Zexu"]
[Black "Kostic, Vladimir V"]
[Result "1-0"]
[ECO "B38"]
[WhiteElo "2286"]
[BlackElo "2041"]
[Annotator "RC"]
[PlyCount "85"]
[EventDate "2023.10.23"]
[EventType "swiss"]
[EventCountry "SRB"]
[SourceTitle "playchess.com"]
[Source "ChessBase"]
[SourceQuality "1"]
[TimeControl "40/5400+30:900+30"]

1. Nf3 c5 2. c4 g6 3. e4 Nc6 4. d4 cxd4 5. Nxd4 Bg7 6. Be3 d6 7. Nc3 Nf6 8. Be2 O-O 9. O-O Bd7 10. Qd2 Nxd4 11. Bxd4 Bc6 12. f3 a5 13. Rab1 Nd7 14. Be3 a4 15. Rfc1 Nc5 16. b4 axb3 17. axb3 Ra3 18. Bd1 b6 19. Nd5 Bxd5 20. cxd5 Qa8 21. b4 Na4 22. Bxa4 Qxa4 23. Bxb6 Rb8 24. Rc6 h5 25. Bd4 Rb3 26. Rxb3 Qxb3 27. Bxg7 Kxg7 28. Qd4+ f6 29. Rc7 Kf7 30. Rxe7+ Kxe7 31. Qa7+ Kf8 32. Qxb8+ Kg7 33. Qc7+ Kh6 34. Qxd6 Qe3+ 35. Kf1 Qd3+ 36. Kf2 Qd4+ 37. Kg3 g5 38. h3 g4 39. hxg4 h4+ 40. Kxh4 Qa1 41. g5+ Kh7 42. Qd7+ Kg8 43. Qe6+ 1-0

[Event "36th Belgrade Trophy 2023"]
[Site "Belgrade"]
[Date "2023.11.27"]
[Round "3.13"]
[White "Petrusic, Velimir"]
[Black "Popchev, Milko"]
[Result "1/2-1/2"]
[ECO "A47"]
[WhiteElo "2060"]
[BlackElo "2244"]
[Annotator "RC"]
[PlyCount "22"]
[EventDate "2023.10.23"]
[EventType "swiss"]
[EventCountry "SRB"]
[SourceTitle "playchess.com"]
[Source "ChessBase"]
[SourceQuality "1"]
[TimeControl "40/5400+30:900+30"]

1. d4 Nf6 2. Nf3 e6 3. e3 b6 4. Nbd2 Bb7 5. Bd3 c5 6. O-O Be7 7. c3 Nc6 8. a3 d5 9. dxc5 bxc5 10. e4 Qc7 11. Qe2 Rd8 1/2-1/2

[Event "36th Belgrade Trophy 2023"]
[Site "Belgrade"]
[Date "2023.11.27"]
[Round "3.14"]
[White "Djokic, Nenad"]
[Black "Matovic, Andjela"]
[Result "1-0"]
[ECO "D15"]
[WhiteElo "2223"]
[BlackElo "1819"]
[Annotator "RC"]
[PlyCount "99"]
[EventDate "2023.10.23"]
[EventType "swiss"]
[EventCountry "SRB"]
[SourceTitle "playchess.com"]
[Source "ChessBase"]
[SourceQuality "1"]
[TimeControl "40/5400+30:900+30"]

1. d4 d5 2. c4 c6 3. Nf3 Nf6 4. Nc3 a6 5. a4 g6 6. Bf4 Bg7 7. e3 Qa5 8. Qb3 b5 9. cxd5 Nxd5 10. Be5 O-O 11. Bxg7 Kxg7 12. Be2 Bb7 13. O-O Nxc3 14. bxc3 Qc7 15. c4 Nd7 16. axb5 axb5 17. cxb5 cxb5 18. Qxb5 Qc6 19. Rac1 Qxb5 20. Bxb5 Bxf3 21. Bxd7 Bd5 22. f3 Rfd8 23. Rc7 Rab8 24. Rfc1 Rb7 25. Rxb7 Bxb7 26. Rc7 Ba8 27. e4 h5 28. h4 Kh6 29. d5 g5 30. Bh3 Re8 31. g3 gxh4 32. gxh4 Kg7 33. Kf2 Kf6 34. Ke3 e5 35. Rc8 Rxc8 36. Bxc8 Ke7 37. f4 Kd6 38. f5 f6 39. Be6 Ke7 40. Bc8 Kd8 41. Ba6 Ke7 42. Be2 Bb7 43. Bxh5 Bc8 44. Kd2 Bd7 45. Kc3 Kd6 46. Kb4 Bxf5 47. exf5 Kxd5 48. Kc3 Ke4 49. Bg4 Kf4 50. h5 1-0

[Event "36th Belgrade Trophy 2023"]
[Site "Belgrade"]
[Date "2023.11.27"]
[Round "3.15"]
[White "Gusev, Mikhail"]
[Black "Scekic, Veljko"]
[Result "1/2-1/2"]
[ECO "B48"]
[WhiteElo "2055"]
[BlackElo "2211"]
[Annotator "RC"]
[PlyCount "64"]
[EventDate "2023.10.23"]
[EventType "swiss"]
[EventCountry "SRB"]
[SourceTitle "playchess.com"]
[Source "ChessBase"]
[SourceQuality "1"]
[TimeControl "40/5400+30:900+30"]

1. e4 c5 2. Nf3 e6 3. d4 cxd4 4. Nxd4 Nc6 5. Nc3 Qc7 6. Be3 a6 7. g3 Nf6 8. Bg2 Nxd4 9. Qxd4 d6 10. Qb6 Qxb6 11. Bxb6 e5 12. O-O-O Be6 13. f4 Rc8 14. Rhe1 Be7 15. fxe5 dxe5 16. Nd5 Nxd5 17. exd5 Bf5 18. Be4 Bxe4 19. Rxe4 Bd6 20. g4 h5 21. g5 f5 22. gxf6 gxf6 23. Rf1 Kf7 24. c4 Rhg8 25. Rf2 Rg1+ 26. Kd2 Rg4 27. Rxg4 hxg4 28. Kd3 e4+ 29. Kxe4 Rxc4+ 30. Kf5 g3 31. hxg3 Bxg3 32. Rf3 Be5 1/2-1/2